 Dungeon Crawl Stone Soup version 0.29.0-13-gc9e81de378 (webtiles) character file.

Game seed: 14816049384769955033

33410 keekatzer the Grappler (level 13, -7/124 HPs)
             Began as a Troll Transmuter on Sept 11, 2022.
             Was a Priest of the Shining One.
             Mangled by an eight-headed hydra (8 damage)
             ... on level 5 of the Lair of Beasts.
             The game lasted 00:58:08 (7282 turns).

keekatzer the Grappler (Troll Transmuter)           Turns: 7282, Time: 00:58:09

Health: -7/124     AC:  7    Str: 28    XL:     13   Next: 36%
Magic:  16/16      EV: 14    Int: 15    God:    the Shining One [***...]
Gold:   566        SH:  0    Dex: 18    Spells: 10/18 levels left

rFire   . . .      SeeInvis +   N - +7 hammer of Dishonour {spect, Will- Str+5}
rCold   . . .      Faith    .   M - orb {mayhem}
rNeg    + . .      Spirit   .   D - +2 robe "Tuwidaga" {-Tele Rampage Regen+ SInv}
rPois   .          Reflect  .   (helmet restricted)
rElec   .          Harm     .   t - +0 cloak
rCorr   .          Rampage  +   (gloves unavailable)
Will    .....      NoTele   +   (boots unavailable)
Stlth   +.........              x - amulet of the acrobat
HPRegen 1.90/turn               a - +6 ring of intelligence
MPRegen 0.15/turn               S - +6 ring of dexterity

@: glowing
A: large, unfitting armour, claws 3, regeneration 1, shaggy fur 1, tough skin 1
a: Renounce Religion, Divine Shield, Cleansing Flame


You were on level 5 of the Lair of Beasts.
You worshipped the Shining One.
The Shining One was most pleased with you.
You visited 3 branches of the dungeon, and saw 14 of its levels.
You also visited: Sewer, Ossuary, Bailey and Volcano.

You collected 744 gold pieces.
You spent 178 gold pieces at shops.

Inventory:

Hand Weapons
 r - a +2 executioner's axe of flaming
 w - a +1 demon trident of flaming
 K - a +3 flail
 N - the +7 hammer of Dishonour (weapon) {spect, Will- Str+5}
   (You found it on level 7 of the Dungeon)

   When its wielder attacks, the weapon's spirit leaps out and strikes again.
   The spirit shares a part of any damage it takes with its wielder.
   Str:       It affects your strength (+5).
   Will:      It decreases your willpower.
Armour
 t - a +0 cloak (worn)
 D - the +2 robe "Tuwidaga" (worn) {-Tele Rampage Regen+ SInv}
   (You bought it in a shop on level 4 of the Dungeon)

   SInv:      It lets you see invisible.
   -Tele:     It prevents most forms of teleportation.
   Regen:     It increases your rate of health regeneration.
   Rampage:   It bestows one free step when moving towards enemies.
 M - an orb of mayhem (worn)
Jewellery
 a - a +6 ring of intelligence (left claw)
 l - a ring of magical power
 x - an amulet of the acrobat (around neck)
 S - a +6 ring of dexterity (right claw)
Wands
 c - a wand of paralysis (14)
 d - a wand of polymorph (9)
 I - a wand of roots (16)
 T - a wand of flame (21)
Scrolls
 e - 3 scrolls of noise {unknown}
 h - 6 scrolls of teleportation
 i - 4 scrolls of summoning
 k - 4 scrolls of enchant armour
 m - 5 scrolls of vulnerability {unknown}
 n - 2 scrolls of magic mapping
 o - a scroll of immolation
 s - 3 scrolls of silence {unknown}
 y - a scroll of torment {unknown}
 A - a scroll of enchant weapon {unknown}
 C - 2 scrolls of butterflies
 L - a scroll of identify
 U - 2 scrolls of blinking {unknown}
 V - a scroll of acquirement {unknown}
 W - 2 scrolls of fear {unknown}
Potions
 b - 7 potions of lignification
 f - 2 potions of flight
 g - 4 potions of curing
 j - 2 potions of heal wounds
 p - 3 potions of might {unknown}
 q - 4 potions of degeneration {unknown}
 u - a potion of ambrosia
 z - 3 potions of haste
 B - 2 potions of cancellation
 F - a potion of brilliance
 G - 4 potions of invisibility
 H - 3 potions of mutation {unknown}
 J - a potion of berserk rage {unknown}
 Q - a potion of resistance {unknown}
 R - a potion of magic {unknown}
Miscellaneous
 v - a box of beasts (inert)
 E - a phial of floods


   Skills:
 + Level 7.3 Fighting
 + Level 8.0 Maces & Flails
 + Level 7.1 Dodging
 + Level 10.5 Unarmed Combat
 - Level 3.0 Spellcasting
 - Level 7.0 Transmutations
 - Level 7.0 Ice Magic
 - Level 5.0 Evocations


You had 10 spell levels left.
You knew the following spells:

 Your Spells              Type           Power      Damage    Failure   Level
a - Beastly Appendage     Tmut           46%        N/A       1%          1
b - Wereblood             Tmut           23%        N/A       1%          2
c - Freeze                Ice            92%        1d10      1%          1
d - Ice Form              Ice/Tmut       23%        N/A       11%         4

Your spell library contained the following spells:

 Spells                   Type           Power      Damage    Failure   Level
 Sting                    Tmut/Pois      48%        1d5       4%          1
 Spider Form              Tmut/Pois      12%        N/A       14%         3
 Summon Small Mammal      Summ           8%         N/A       21%         1
 Poisonous Vapours        Pois/Air       4%         N/A       30%         2
 Static Discharge         Conj/Air       2%         3-4/arc   30%         2
 Summon Ice Beast         Ice/Summ       12%        N/A       43%         4
 Call Canine Familiar     Summ           2%         N/A       52%         3
 Dazzling Flash           Conj/Hex       4%         N/A       52%         3
 Summon Guardian Golem    Hex/Summ       2%         N/A       52%         3
 Dispel Undead            Necr           2%         3d7       89%         4
 Olgreb's Toxic Radiance  Pois           2%         N/A       89%         4
 Sticky Flame             Conj/Fire      2%         2d3       89%         4
 Agony                    Necr           2%         N/A       99%         5
 Fireball                 Conj/Fire      1%         3d3       99%         5
 Silence                  Hex/Air        1%         N/A       99%         5
 Summon Forest            Summ/Tloc      1%         N/A       99%         5
 Summon Mana Viper        Hex/Summ       2%         N/A       99%         5
 Eringya's Noxious Bog    Tmut/Pois      6%         N/A       100%        6
 Starburst                Conj/Fire      1%         6d3       100%        6
 Monstrous Menagerie      Summ           1%         N/A       100%        7
 Summon Hydra             Summ           1%         N/A       100%        7
 Ignition                 Fire           1%         3d3       100%        8


Dungeon Overview and Level Annotations

Branches:
Dungeon (8/15)             Temple (1/1) D:4            Lair (5/5) D:8
  Swamp (0/4) Lair:3       Spider (0/4) Lair:3        Sewer (visited)
Ossuary (visited)          Bailey (visited)         Volcano (visited)
  Slime: Lair:4-5

Altars:
Ashenzari
Dithmenos
Fedhas
Hepliaklqana
Kikubaaqudgha
Makhleb
Nemelex Xobeh
Ru
Sif Muna
Trog
Uskayaw
Vehumet
Wu Jian
Xom
Yredelemnul
The Shining One

Shops:
D:1 (   D:4 [


Innate Abilities, Weirdness & Mutations

You are too large for most types of armour.
You have claws for hands.
Your natural rate of healing is unusually fast.
You are covered in fur. (AC +1)
You have tough skin. (AC +1)


Message History

Your mature weirdshock beast constricts the water moccasin!!
The water moccasin dies!
The hornet stings your mature weirdshock beast!
Your mature weirdshock beast seems to slow down.
The water moccasin bites your mature weirdshock beast.
Your mature weirdshock beast is poisoned.
The water moccasin poisons your mature weirdshock beast!
Something stings your mature weirdshock beast but does no damage.
The eight-headed hydra attacks as you move away!
The eight-headed hydra misses you. The eight-headed hydra bites you!
* * * LOW HITPOINT WARNING * * *
The eight-headed hydra misses you.
The eight-headed hydra completely misses you.
The eight-headed hydra bites you.
* * * LOW HITPOINT WARNING * * *
The eight-headed hydra bites you!
* * * LOW HITPOINT WARNING * * *
The eight-headed hydra closely misses you.
The eight-headed hydra misses you.
Something bites your mature weirdshock beast but does no damage.
Something stings your mature weirdshock beast!
Your mature weirdshock beast looks as sick as possible!
Your mature weirdshock beast seems to slow down.
Something bites your mature weirdshock beast but does no damage.
Aiming: Paralyse
Press: ? - help, Shift-Dir - straight line, f - eight-headed hydra
Aim: an eight-headed hydra (lightly wounded, ally target, haloed, chance to affect: 27%)
The eight-headed hydra easily resists.
Something stings your mature weirdshock beast!
Your mature weirdshock beast seems to slow down.
Something bites your mature weirdshock beast.
Your mature weirdshock beast looks as sick as possible!
Something poisons your mature weirdshock beast!
The eight-headed hydra bites you.
* * * LOW HITPOINT WARNING * * *
The eight-headed hydra closely misses you.
The eight-headed hydra bites you.
* * * LOW HITPOINT WARNING * * *
The eight-headed hydra bites you!
You die...

..##.##........†..~~≈~~~~~≈~.#
.#....##.P..#.#P††.~~~≈≈≈≈≈~.
P..PP.#......###†..~~≈≈≈≈≈≈
.....##....###......~~~≈~~
.....#....###..P.......~~
....##...##.............
....#...##...P....(#....
#..##..##....PP.........
#..#..##........@.......
####..#.....#.#.D....... #
##.....###...S.......
#...###...P.........
#.###....P......P?..
###............P....
#.........H.##....
###....P....# #... ###....S.##
###


You could see an eight-headed hydra (ally target), a water moccasin and a
friendly mature weirdshock beast (summoned, extremely poisoned, slow).

Vanquished Creatures
  5 hydras
  2 boulder beetles
  A catoblepas (Lair:2)
  2 death yaks (Lair:5)
  An orb spider (Lair:3)
  A deep elf archer (Volcano)
  5 deep elf pyromancers (Volcano)
  An orc knight (Bailey)
  4 black mambas (Lair:5)
  An elephant (D:8)
  Joseph (D:7)
  5 cane toads
  Maggie (D:7)
  3 rime drakes
  2 komodo dragons
  A polar bear (Lair:2)
  A hornet (Lair:5)
  Sigmund (D:5)
  12 yaks
  2 basilisks
  8 wyverns
  4 fire elementals (Volcano)
  Menkaure (D:7)
  9 hell hounds
  2 swamp worms (Lair:3)
  11 water moccasins
  6 orc warriors
  2 ice beasts
  A sky beast (D:7)
  4 black bears
  5 wolves (Lair:1)
  A centaur (D:4)
  2 kobold brigands
  2 phantoms
  2 elf zombies (Ossuary)
  3 necrophages
  7 bullfrogs
  2 scorpions
  6 killer bees (D:7)
  A centaur zombie (Ossuary)
  5 hounds
  A jelly (D:5)
  6 orc priests
  2 human zombies (Ossuary)
  Crazy Yiuf (D:7)
  2 iguanas
  5 orc wizards
  A hell rat (Sewer)
  3 mummies (Ossuary)
  4 gnolls (D:7)
  7 adders
  2 river rats (Sewer)
  2 white imps
  2 ufetubi
  5 adder zombies (Ossuary)
  A dart slug (D:4)
  35 orcs
  5 endoplasms
  3 giant cockroaches
  10 goblins
  2 hobgoblins (D:4)
  2 quokkas
  3 gnoll zombies (Ossuary)
  4 goblin zombies (Ossuary)
  4 hobgoblin zombies (Ossuary)
  4 jackal zombies (Ossuary)
  31 kobolds
  3 kobold zombies (Ossuary)
  An orc zombie (Ossuary)
  4 quokka zombies (Ossuary)
  9 rats
  4 rat zombies (Ossuary)
304 creatures vanquished.

Vanquished Creatures (collateral kills)
  4 death yaks (Lair:5)
  2 deep elf pyromancers (Volcano)
  A water moccasin (Lair:5)
7 creatures vanquished.

Vanquished Creatures (others)
  2 deep elf pyromancers (Volcano)
  8 fungi
  32 plants
42 creatures vanquished.

Grand Total: 353 creatures vanquished

Notes
Turn   | Place    | Note
-------+----------+-------------------------------------------
     0 | D:1      | keekatzer the Troll Transmuter began the quest for the Orb.
     0 | D:1      | Reached XP level 1. HP: 18/18 MP: 1/1
   159 | D:1      | Found Goiwk's Antique Weapon Shop.
   258 | D:1      | Found a faded altar of an unknown god.
   266 | D:1      | Got Plato's Compendium of Congelation
   295 | D:1      | Reached skill level 1 in Fighting
   546 | D:3      | Reached XP level 2. HP: 27/27 MP: 0/3
   560 | D:3      | Learned a level 2 spell: Wereblood
   617 | D:4      | Reached XP level 3. HP: 19/33 MP: 1/4
   624 | D:4      | Reached XP level 4. HP: 14/41 MP: 2/5
   729 | D:4      | Found Bohud's Armour Emporium.
   748 | D:4      | Found a sand-covered staircase.
   760 | Ossuary  | Entered an ossuary
   763 | Ossuary  | Learned a level 1 spell: Freeze
   802 | Ossuary  | Reached XP level 5. HP: 44/49 MP: 4/6
   857 | Ossuary  | Reached skill level 1 in Ice Magic
   857 | Ossuary  | Reached XP level 6. HP: 55/57 MP: 8/8
  1018 | Ossuary  | Reached skill level 4 in Unarmed Combat
  1179 | D:4      | Found a staircase to the Ecumenical Temple.
  1205 | Temple   | Entered the Ecumenical Temple
  1334 | D:4      | Reached XP level 7. HP: 65/65 MP: 9/9
  1576 | D:5      | Entered Level 5 of the Dungeon
  1589 | D:5      | Learned a level 4 spell: Ice Form
  1791 | D:5      | Noticed Sigmund
  1816 | D:5      | Killed Sigmund
  1868 | D:5      | Reached XP level 8. HP: 57/72 MP: 8/10
  1920 | D:5      | Identified the +1 cloak of the Pink Corner {Harm rN+++
                  | rCorr Dex-5}
  2122 | D:5      | Reached skill level 5 in Unarmed Combat
  2297 | D:4      | Bought the +2 robe "Tuwidaga" {-Tele Rampage Regen+ SInv}
                  | for 178 gold pieces
  2391 | D:6      | Found a basalt altar of Yredelemnul.
  2446 | D:6      | Found a glowing drain.
  2491 | Sewer    | Entered a sewer
  2650 | D:6      | Reached skill level 5 in Transmutations
  2955 | D:7      | Noticed Maggie
  2969 | D:7      | Reached skill level 5 in Ice Magic
  2972 | D:7      | Reached skill level 6 in Unarmed Combat
  2976 | D:7      | Reached XP level 9. HP: 80/80 MP: 6/11
  2992 | D:7      | Killed Maggie
  3062 | D:7      | Noticed Menkaure
  3067 | D:7      | Killed Menkaure
  3068 | D:7      | Reached skill level 7 in Unarmed Combat
  3165 | D:7      | HP: 4/100 [orc warrior/+0 scimitar (22)]
  3369 | D:7      | Found a runed translucent door.
  3370 | D:7      | Noticed Crazy Yiuf
  3375 | D:7      | Killed Crazy Yiuf
  3379 | D:7      | Identified the +7 hammer of Dishonour {spect, Will- Str+5}
  3434 | D:7      | Found an ancient bone altar of Kikubaaqudgha.
  3437 | D:7      | Found a hazy altar of Hepliaklqana.
  3442 | D:7      | Found a shimmering altar of Xom.
  3444 | D:7      | Found a hide-covered altar of Uskayaw.
  3447 | D:7      | Found a sparkling altar of Nemelex Xobeh.
  3447 | D:7      | Found a sacrificial altar of Ru.
  3450 | D:7      | Found a glowing golden altar of the Shining One.
  3459 | D:7      | Found a radiant altar of Vehumet.
  3476 | D:7      | Became a worshipper of the Shining One
  3505 | D:7      | Noticed Joseph
  3514 | D:7      | Killed Joseph
  3819 | D:8      | Found a flagged portal.
  3896 | Bailey   | Entered a bailey
  4027 | Bailey   | Noticed an orc knight
  4052 | Bailey   | Reached XP level 10. HP: 82/94 MP: 6/12
  4065 | Bailey   | Noticed an orc knight
  4068 | Bailey   | Killed an orc knight
  4069 | Bailey   | Reached skill level 1 in Maces & Flails
  4107 | Bailey   | Noticed an orc knight
  4107 | Bailey   | Noticed an orc knight
  4191 | D:8      | Identified the +0 leather armour of Patterns {+Inv}
  4265 | D:8      | Found a staircase to the Lair.
  4265 | D:8      | Noticed an elephant
  4281 | D:8      | Killed an elephant
  4988 | D:8      | Reached skill level 5 in Fighting
  4988 | D:8      | Reached skill level 5 in Dodging
  4988 | D:8      | Reached skill level 8 in Unarmed Combat
  4988 | D:8      | Reached XP level 11. HP: 105/105 MP: 13/13
  5044 | Lair:1   | Entered Level 1 of the Lair of Beasts
  5077 | Lair:1   | Reached skill level 9 in Unarmed Combat
  5332 | Lair:2   | Noticed a catoblepas
  5346 | Lair:2   | Killed a catoblepas
  5347 | Lair:2   | Reached skill level 5 in Maces & Flails
  5475 | Lair:2   | Found a dark tunnel.
  5475 | Lair:2   | Reached * piety under the Shining One
  5486 | Volcano  | Entered a volcano
  5509 | Volcano  | Reached skill level 1 in Evocations
  5514 | Volcano  | Noticed a deep elf pyromancer
  5517 | Volcano  | Noticed a deep elf pyromancer
  5528 | Volcano  | Killed a deep elf pyromancer
  5530 | Volcano  | Noticed a deep elf pyromancer
  5531 | Volcano  | Noticed a deep elf pyromancer
  5533 | Volcano  | Noticed a deep elf pyromancer
  5535 | Volcano  | Noticed a deep elf pyromancer
  5539 | Volcano  | Killed a deep elf pyromancer
  5543 | Volcano  | Killed a deep elf pyromancer
  5546 | Volcano  | Reached XP level 12. HP: 112/113 MP: 14/14
  5584 | Volcano  | Reached ** piety under the Shining One
  5602 | Volcano  | Reached skill level 5 in Evocations
  6083 | Lair:3   | Noticed a six-headed hydra
  6088 | Lair:3   | Killed a six-headed hydra
  6106 | Lair:3   | Noticed a boulder beetle
  6123 | Lair:3   | Found an ornate altar of the Wu Jian Council.
  6129 | Lair:3   | Killed a boulder beetle
  6130 | Lair:3   | Found a hide-covered altar of Uskayaw.
  6153 | Lair:3   | Noticed a six-headed hydra
  6160 | Lair:3   | Killed a six-headed hydra
  6250 | Lair:3   | Noticed a six-headed hydra
  6259 | Lair:3   | Killed a six-headed hydra
  6392 | Lair:3   | Found a staircase to the Swamp.
  6483 | Lair:3   | Found a hole to the Spider Nest.
  6527 | Lair:3   | Noticed a six-headed hydra
  6541 | Lair:3   | Killed a six-headed hydra
  6935 | Lair:5   | Entered Level 5 of the Lair of Beasts
  6969 | Lair:5   | HP: 6/138 [water moccasin (8)]
  7081 | Lair:5   | Reached XP level 13. HP: 123/123 MP: 16/16
  7137 | Lair:5   | Reached skill level 10 in Unarmed Combat
  7191 | Lair:5   | Reached *** piety under the Shining One
  7281 | Lair:5   | HP: 4/124 [eight-headed hydra (7)]
  7282 | Lair:5   | HP: 1/124 [eight-headed hydra (2)]
  7282 | Lair:5   | Mangled by an eight-headed hydra

Illustrated notes

Levels and vault maps discovered:
D:1:      psy_arrival_radial02, layout_rooms,
          shapermc_ecumenical_altar_rom_forum, serial_shops,
          nicolae_square_shop, grunt_decor_resistance
D:2:      layout_basic, basic_altar, kennysheep_path_1
D:3:      layout_basic, mainiacjoe_overflow_alcove_2
D:4:      cheibrodos_barr_body, layout_loops_ring, temple_fountains,
          nicolae_ossuary_entry_monument, serial_shops, shop
D:5:      kennysheep_kobold_camp, layout_loops_cross, uniq_sigmund
D:6:      layout_cave_pools, yredelemnul_altar_generic, gup_sewer_entry_glass
D:7:      layout_loops_ring, nicolae_overflow_hallway_of_the_gods,
          grunt_decor_fettered, nrook_pool_corridor, uniq_maggie,
          uniq_crazy_yiuf_cottage, uniq_menkaure, uniq_joseph
D:8:      layout_basic, david_lair_generic, enter_bailey_3,
          kennysheep_generic_room_13
Temple:   hellmonk_temple_two_chambers
Lair:1:   lemuel_slime, layout_regular_city, grunt_megastairs_1
Lair:2:   layout_regular_city, enter_volcano_3
Lair:3:   layout_cave_pods, minmay_swamp_entry_worms,
          nicolae_spider_entry_orb_guardian, nzn_masters_of_martial_movement
Lair:4:   layout_cave_pods, grunt_megastairs_4
Lair:5:   hangedman_lair_tendril_chambers, layout_gridlike,
          dpeg_slime_entry_enclosed, infiniplex_staircase_pool_2

Skill      XL: |  1  2  3  4  5  6  7  8  9 10 11 12 13 |
---------------+----------------------------------------+-----
Fighting       | 1 2 4 5 6 7 |  7.3
Dodging        | 2 3 5 6 7 |  7.1
Transmutations | 2 3 4 5 6 7 |  7.0
Spellcasting   | 2 3 |  3.0
Ice Magic      | 1 2 3 5 6 7 |  7.0
Unarmed Combat | 4 6 7 8 9 10 | 10.5
Maces & Flails | 3 6 7 8 |  8.0
Evocations     | 3 5 |  5.0

Action                   |  1- 3 |  4- 6 |  7- 9 | 10-12 | 13-15 || total
-------------------------+-------+-------+-------+-------+-------++-------
Melee: Unarmed           |    37 |   180 |   340 |   210 |    38 ||   805
       Kick              |     1 |     1 |    12 |       |       ||    14
       Headbutt          |     1 |       |     8 |       |       ||     9
       Punch             |     1 |     7 |     3 |     2 |       ||    13
       Mace              |       |       |       |    65 |    16 ||    81
 Cast: Beastly Appendage |     2 |     2 |    13 |       |       ||    17
       Wereblood         |     1 |     1 |    10 |     3 |     1 ||    16
       Ice Form          |       |       |    14 |    13 |     2 ||    29
Evoke: Wand              |       |       |       |       |     1 ||     1
       Box of beasts     |       |       |       |       |     1 ||     1
  Use: Scroll            |       |       |     9 |     5 |       ||    14
       Potion            |       |       |     2 |     4 |       ||     6
Armor: Robe              |    15 |    49 |    70 |    16 |     4 ||   154
       Skin              |       |       |    43 |    45 |     2 ||    90
Dodge: Dodged            |    22 |    74 |   222 |   190 |    33 ||   541
